Sharks vs Stars
Created - 30 mars 2014 at 19:07
Goals
|
| Sharks |
0 |
3 |
1 |
1 |
5 |
| Stars |
0 |
1 |
3 |
0 |
4 |
|
Shots
|
| Sharks |
2 |
20 |
10 |
1 |
33 |
| Stars |
5 |
12 |
18 |
0 |
35 |
|
1st period
No Goal
Penalties :
Filip Kuba (SJS) for Hooking (Minor) at 5:46, Adam Pardy (SJS) for Slashing (Minor) at 10:38, Alexei Morozov (Dal) for Interference (Minor) at 15:00, Ian Laperriere (SJS) for Roughing (Minor) at 18:38
2nd period
1. Stars , Cory Stillman 26 (Alexei Morozov) at 0:14 (PP)
2. Sharks , Mikko Koivu 23 (Daniel Sedin, David Hale) at 4:31
3. Sharks , Henrik Sedin 43 (Alex Pietrangelo) at 13:07
4. Sharks , Daniel Sedin 30 (Mikko Koivu, Martin Biron) at 14:37
Penalties :
Adam Pardy (SJS) for Hooking (Minor) at 7:59
3rd period
5. Stars , Cory Stillman 27 (David Legwand, Alexei Morozov) at 2:11
6. Sharks , Dany Heatley 36 (Joni Pitkanen, Teemu Selanne) at 3:34 (PP)
7. Stars , Shane Doan 22 (Randy Jones) at 10:54
8. Stars , David Legwand 27 (Alexei Morozov) at 16:30 (SH)
Penalties :
Francis Bouillon (Dal) for Roughing (Minor) at 3:28, Shane Doan (Dal) for Hooking (Minor) at 15:59, Henrik Sedin (SJS) for Roughing (Minor) at 18:33
Overtime #1
9. Sharks , Filip Kuba 7 (Sheldon Keefe, Adam Pardy) at 1:19
Penalties :
No Penalty
Goalie Stats
Martin Biron (SJS), 31 saves from 35 shots - (0,886), W, 14-7-5, 61:19 minutes
Pascal Leclaire (Dal), 28 saves from 33 shots - (0,848), OTL, 23-25-2, 61:19 minutes
Players Stats for Sharks
Player Name G A P +/- PIM S H SB GA TA FO MP PP MP PK MP
------------------------------------------------------------------------------------
Adam Mair 0 0 0 0 0 2 0 0 0 0 1/7 12:02 0:00 0:00
Adam Pardy 0 1 1 1 4 0 0 1 0 0 0/0 13:57 0:00 1:05
Alex Pietrangelo 0 1 1 2 0 1 0 0 1 0 0/0 15:27 1:43 0:00
Daniel Sedin 1 1 2 0 0 3 2 0 0 0 1/2 22:04 1:36 5:24
Dany Heatley 1 0 1 0 0 4 3 1 0 0 6/12 24:56 2:28 6:03
David Hale 0 1 1 0 0 0 0 1 0 2 0/0 16:09 0:00 4:12
David Krejci 0 0 0 0 0 0 0 0 0 0 0/0 0:00 0:00 0:00
Filip Kuba 1 0 1 -1 2 5 1 0 1 1 0/0 25:47 2:21 3:07
Henrik Sedin 1 0 1 0 2 4 1 2 0 0 15/40 22:35 2:28 0:00
Ian Laperriere 0 0 0 0 2 2 1 1 0 0 0/0 15:25 0:00 0:51
Joni Pitkanen 0 1 1 -2 0 1 2 4 2 1 0/0 29:35 2:21 5:20
Martin Samuelsson 0 0 0 0 0 0 0 0 0 0 0/0 0:40 0:00 0:35
Matt Moulson 0 0 0 0 0 2 1 0 1 0 0/0 14:30 0:00 0:00
Mikko Koivu 1 1 2 0 0 1 2 0 0 0 2/6 19:40 1:36 2:49
Nikolai Zherdev 0 0 0 1 0 0 0 1 0 0 0/2 5:23 1:36 0:00
Shaone Morrisonn 0 0 0 2 0 1 0 1 0 1 0/0 22:30 1:43 5:20
Sheldon Keefe 0 1 1 1 0 1 1 0 0 0 0/0 12:37 0:00 0:00
Teemu Selanne 0 1 1 0 0 6 0 0 0 0 1/1 22:22 2:28 2:49
Players Stats for Stars
Player Name G A P +/- PIM S H SB GA TA FO MP PP MP PK MP
------------------------------------------------------------------------------------
Alexei Morozov 0 3 3 1 2 6 1 0 0 1 3/4 24:27 5:14 1:30
Antoine Vermette 0 0 0 0 0 1 2 1 0 0 9/10 17:25 3:38 1:21
Brendan Bell 0 0 0 0 0 0 1 1 0 0 0/0 12:20 0:07 0:00
Brian Gionta 0 0 0 0 0 1 1 0 0 0 0/0 6:41 0:07 0:00
Brian Pothier 0 0 0 0 0 1 0 0 0 0 0/0 12:20 0:07 0:00
Cory Stillman 2 0 2 0 0 3 4 0 0 0 2/2 22:57 5:14 0:51
David Legwand 1 1 2 1 0 4 3 0 0 1 19/39 25:10 5:14 2:35
Filip Novak 0 0 0 0 0 1 0 6 0 2 0/0 29:48 5:56 2:22
Francis Bouillon 0 0 0 -1 2 0 0 2 3 0 0/0 19:10 2:56 1:42
Jan Hlavac 0 0 0 0 0 4 0 0 1 0 0/0 6:44 0:00 0:22
Marty Reasoner 0 0 0 0 0 1 1 0 0 0 4/5 8:15 0:00 1:29
Mathieu Dandenault 0 0 0 -2 0 1 1 0 0 0 0/0 11:12 0:00 0:00
Michael Rupp 0 0 0 -2 0 2 0 0 0 0 6/8 11:51 0:07 0:00
Milan Michalek 0 0 0 1 0 1 2 0 0 0 0/0 15:56 3:38 0:00
Patrik Elias 0 0 0 -2 0 1 0 1 0 1 0/0 11:51 0:07 0:00
Pavel Kubina 0 0 0 0 0 3 0 1 1 0 0/0 29:48 5:56 2:22
Randy Jones 0 1 1 -1 0 2 0 2 0 0 0/0 19:11 2:56 1:42
Shane Doan 1 0 1 0 2 3 2 1 0 0 1/2 16:03 3:38 0:00
3 Stars
1 - Cory Stillman (Dal)
2 - David Legwand (Dal)
3 - Daniel Sedin (SJS)
Power Play
Sharks - 1 on 3 Attempt(s) - 33,33%
Stars - 1 on 5 Attempt(s) - 20,00%
Penalty Kill
Sharks - 4 on 5 Attempt(s) - 80,00%
- Score 0 goal in Penalty Kill
Stars - 2 on 3 Attempt(s) - 66,67%
- Score 1 goal in Penalty Kill
Official
Referees : Peel Tim and Rehman Kyle
Linesman : Bryan Pancich and Michel Cormier
Game Notes
No Game Note
Finance
Level 1 -- Attendance: 4422 (73,70%) -- Ticket Income 442 200 $
Level 2 -- Attendance: 3246 (64,92%) -- Ticket Income 194 760 $
Level 3 -- Attendance: 1242 (62,10%) -- Ticket Income 43 470 $
Level 4 -- Attendance: 2746 (68,65%) -- Ticket Income 54 920 $
Luxury Box -- Attendance: 595 (59,50%) -- Ticket Income 119 000 $
Game was played at the American Airlines Center
Total Attendance: 12251 (68,06%)
Total Ticket Income: 854 350 $
Other Income: 128 152 $
Total Income: 982 502 $
Sharks
5 vs 5 Forward
Center Left Wing Right Wing Time % Phy DF OF
1 Henrik Sedin Dany Heatley Teemu Selanne 40 1 2 2
2 Mikko Koivu Daniel Sedin Ian Laperriere 30 1 2 2
3 Adam Mair Matt Moulson Sheldon Keefe 20 1 2 2
4 Henrik Sedin Matt Moulson Nikolai Zherdev 10 1 2 2
5 vs 5 Defense
Defense Defense Time % Phy DF OF
1 Joni Pitkanen Filip Kuba 40 1 2 2
2 Shaone Morrisonn Alex Pietrangelo 30 1 2 2
3 David Hale Adam Pardy 20 1 2 2
4 Joni Pitkanen Filip Kuba 10 1 2 2
PowerPlay Forward
Center Left Wing Right Wing Time % Phy DF OF
1 Henrik Sedin Dany Heatley Teemu Selanne 60 1 1 3
2 Mikko Koivu Daniel Sedin Nikolai Zherdev 40 1 1 3
PowerPlay Defense
Defense Defense Time % Phy DF OF
1 Joni Pitkanen Filip Kuba 60 1 2 2
2 Shaone Morrisonn Alex Pietrangelo 40 1 2 2
Penalty Kill 4 Players Forward
Center Wing Time % Phy DF OF
1 Dany Heatley Daniel Sedin 60 1 4 0
2 Mikko Koivu Teemu Selanne 40 1 4 0
Penalty Kill 4 Players Defense
Defense Defense Time % Phy DF OF
1 Joni Pitkanen Shaone Morrisonn 60 1 4 0
2 Filip Kuba David Hale 40 1 4 0
Penalty Kill - 3 Players Forward
Forward Time % Phy DF OF
1 Dany Heatley 60 0 5 0
2 Daniel Sedin 40 1 4 0
Penalty Kill - 3 Players Defense
Defense Defense Time % Phy DF OF
1 Joni Pitkanen Shaone Morrisonn 60 0 5 0
2 Filip Kuba David Hale 40 0 5 0
4 vs 4 Forward
Center Wing Time % Phy DF OF
1 Henrik Sedin Daniel Sedin 60 1 2 2
2 Mikko Koivu Dany Heatley 40 1 2 2
4 vs 4 Defense
Defense Defense Time % Phy DF OF
1 Joni Pitkanen Filip Kuba 60 1 2 2
2 Shaone Morrisonn Alex Pietrangelo 40 1 2 2
Last Minutes Offensive
Center Left Wing Right Wing Defense Defense
Henrik Sedin Dany Heatley Teemu Selanne Joni Pitkanen Alex Pietrangelo
Last Minutes Defensive
Center Left Wing Right Wing Defense Defense
Henrik Sedin Dany Heatley Ian Laperriere Joni Pitkanen Filip Kuba
Goaltenders
Starting : Martin Biron
Backup : Jimmy Howard
Extra Forwards
Normal : Sheldon Keefe, Nikolai Zherdev, Matt Moulson - PP : Adam Mair, Matt Moulson - PK : Ian Laperriere
Extra Defensemen
Normal : Adam Pardy, Shaone Morrisonn, Alex Pietrangelo - PP : Alex Pietrangelo - PK : Shaone Morrisonn, Adam Pardy
Penalty Shots
Dany Heatley, Henrik Sedin, Daniel Sedin, Mikko Koivu, Teemu Selanne
Stars
5 vs 5 Forward
Center Left Wing Right Wing Time % Phy DF OF
1 David Legwand Cory Stillman Alexei Morozov 40 1 2 2
2 Antoine Vermette Milan Michalek Shane Doan 30 1 2 2
3 Michael Rupp Patrik Elias Mathieu Dandenault 20 1 2 2
4 Marty Reasoner Jan Hlavac Brian Gionta 10 1 2 2
5 vs 5 Defense
Defense Defense Time % Phy DF OF
1 Pavel Kubina Filip Novak 40 1 2 2
2 Randy Jones Francis Bouillon 30 1 2 2
3 Brian Pothier Brendan Bell 20 1 2 2
4 Pavel Kubina Filip Novak 10 1 2 2
PowerPlay Forward
Center Left Wing Right Wing Time % Phy DF OF
1 David Legwand Cory Stillman Alexei Morozov 60 1 2 2
2 Antoine Vermette Milan Michalek Shane Doan 40 1 2 2
PowerPlay Defense
Defense Defense Time % Phy DF OF
1 Pavel Kubina Filip Novak 60 1 2 2
2 Randy Jones Francis Bouillon 40 1 2 2
Penalty Kill 4 Players Forward
Center Wing Time % Phy DF OF
1 David Legwand Alexei Morozov 60 1 2 2
2 Shane Doan Antoine Vermette 40 1 2 2
Penalty Kill 4 Players Defense
Defense Defense Time % Phy DF OF
1 Pavel Kubina Filip Novak 60 1 2 2
2 Randy Jones Francis Bouillon 40 1 2 2
Penalty Kill - 3 Players Forward
Forward Time % Phy DF OF
1 David Legwand 60 1 2 2
2 Alexei Morozov 40 1 2 2
Penalty Kill - 3 Players Defense
Defense Defense Time % Phy DF OF
1 Pavel Kubina Filip Novak 60 1 2 2
2 Randy Jones Francis Bouillon 40 1 2 2
4 vs 4 Forward
Center Wing Time % Phy DF OF
1 David Legwand Alexei Morozov 60 1 2 2
2 Shane Doan Antoine Vermette 40 1 2 2
4 vs 4 Defense
Defense Defense Time % Phy DF OF
1 Pavel Kubina Filip Novak 60 1 2 2
2 Randy Jones Francis Bouillon 40 1 2 2
Last Minutes Offensive
Center Left Wing Right Wing Defense Defense
David Legwand Cory Stillman Alexei Morozov Pavel Kubina Filip Novak
Last Minutes Defensive
Center Left Wing Right Wing Defense Defense
David Legwand Cory Stillman Alexei Morozov Pavel Kubina Filip Novak
Goaltenders
Starting : Pascal Leclaire
Backup : Vesa Toskala
Extra Forwards
Normal : Patrik Elias, Michael Rupp, Marty Reasoner - PP : Patrik Elias, Michael Rupp - PK : Marty Reasoner
Extra Defensemen
Normal : Brian Pothier, Brendan Bell, Randy Jones - PP : Brian Pothier - PK : Brendan Bell, Randy Jones
Penalty Shots
David Legwand, Alexei Morozov, Shane Doan, Antoine Vermette, Cory Stillman
% Time on Ice - Sharks
Lines # - Real PCT - Wanted PCT - Time Play
Normal Forward
1 - 35% - 40% - 16:25
2 - 32% - 30% - 15:15
3 - 25% - 20% - 11:49
4 - 7% - 10% - 3:28
Normal Defense
1 - 40% - 40% - 18:53
2 - 31% - 30% - 14:33
3 - 24% - 20% - 11:08
4 - 5% - 10% - 2:23
PP Forward
1 - 61% - 60% - 2:28
2 - 39% - 40% - 1:36
PP Defense
1 - 58% - 60% - 2:21
2 - 42% - 40% - 1:43
PK Forward
1 - 69% - 60% - 6:10
2 - 31% - 40% - 2:49
PK Defense
1 - 53% - 60% - 4:47
2 - 47% - 40% - 4:12
PK3 Forward
1 - 100% - 60% - 0:33
2 - 0% - 40% - 0:00
PK3 Defense
1 - 100% - 60% - 0:33
2 - 0% - 40% - 0:00
44 Forward
1 - 100% - 60% - 0:46
2 - 0% - 40% - 0:00
44 Defense
1 - 100% - 60% - 0:46
2 - 0% - 40% - 0:00
Last Minute Offensive - 0:00
Last Minute Defensive - 0:00
Total
Forward - 61:19
Defense - 61:19
|
% Time on Ice - Stars
Lines # - Real PCT - Wanted PCT - Time Play
Normal Forward
1 - 36% - 40% - 17:04
2 - 26% - 30% - 12:19
3 - 24% - 20% - 11:12
4 - 14% - 10% - 6:22
Normal Defense
1 - 41% - 40% - 19:04
2 - 29% - 30% - 13:49
3 - 25% - 20% - 11:44
4 - 5% - 10% - 2:20
PP Forward
1 - 60% - 60% - 5:21
2 - 40% - 40% - 3:38
PP Defense
1 - 67% - 60% - 6:03
2 - 33% - 40% - 2:56
PK Forward
1 - 86% - 60% - 3:29
2 - 14% - 40% - 0:35
PK Defense
1 - 58% - 60% - 2:22
2 - 42% - 40% - 1:42
PK3 Forward
1 - 0% - 60%
2 - 0% - 40%
PK3 Defense
1 - 0% - 60%
2 - 0% - 40%
44 Forward
1 - 91% - 60% - 1:12
2 - 9% - 40% - 0:07
44 Defense
1 - 44% - 60% - 0:35
2 - 56% - 40% - 0:44
Last Minute Offensive - 0:00
Last Minute Defensive - 0:00
Total
Forward - 61:19
Defense - 61:19
|
Play by Play
1st period
0:01 of 1st period - Henrik Sedin wins face-off versus David Legwand in neutral zone.
0:26 of 1st period - Mikko Koivu is hit by Antoine Vermette.
1:03 of 1st period - Slapshot by Michael Rupp.
1:03 of 1st period - Stopped by Martin Biron without a rebound.
1:04 of 1st period - Marty Reasoner wins face-off versus Henrik Sedin in Sharks zone.
1:05 of 1st period - Snap shot by Jan Hlavac.
1:05 of 1st period - Shot Misses the Net.
1:18 of 1st period - Wrist shot by Dany Heatley.
1:18 of 1st period - Shot Misses the Net.
1:59 of 1st period - Slapshot by Michael Rupp.
1:59 of 1st period - Shot Misses the Net.
2:01 of 1st period - Slapshot by Brian Pothier.
2:01 of 1st period - Deflect By Joni Pitkanen.
2:01 of 1st period - Stopped by Martin Biron without a rebound.
2:02 of 1st period - Antoine Vermette wins face-off versus Henrik Sedin in Sharks zone.
2:27 of 1st period - Brian Pothier is hit by Daniel Sedin and loses puck.
5:26 of 1st period - Slapshot by Milan Michalek.
5:26 of 1st period - Stopped by Martin Biron with a rebound.
5:28 of 1st period - Slapshot by Randy Jones.
5:28 of 1st period - Stopped by Martin Biron with a rebound.
5:30 of 1st period - Slapshot by Shane Doan.
5:30 of 1st period - Stopped by Martin Biron with a rebound.
5:46 of 1st period - Minor Penalty to Filip Kuba for Hooking.
5:47 of 1st period - Cory Stillman wins face-off versus Dany Heatley in Sharks zone.
7:46 of 1st period - Penalty to Filip Kuba is over, Filip Kuba is back on ice.
8:43 of 1st period - Filip Kuba is hit by Brendan Bell and loses puck.
9:22 of 1st period - Marty Reasoner is hit by Daniel Sedin and loses puck.
10:23 of 1st period - Dany Heatley is hit by Brian Gionta and loses puck.
10:36 of 1st period - Slapshot by Francis Bouillon.
10:36 of 1st period - Shot Blocked by Ian Laperriere.
10:38 of 1st period - Minor Penalty to Adam Pardy for Slashing.
10:39 of 1st period - Dany Heatley wins face-off versus David Legwand in Sharks zone.
11:10 of 1st period - Teemu Selanne is hit by Shane Doan and loses puck.
12:38 of 1st period - Penalty to Adam Pardy is over, Adam Pardy is back on ice.
14:42 of 1st period - Henrik Sedin is hit by Alexei Morozov.
14:55 of 1st period - Icing by Milan Michalek.
14:56 of 1st period - Henrik Sedin wins face-off versus Marty Reasoner in Stars zone.
14:57 of 1st period - Slapshot by Alex Pietrangelo.
14:57 of 1st period - Stopped by Pascal Leclaire without a rebound.
14:58 of 1st period - David Legwand wins face-off versus Henrik Sedin in Stars zone.
15:00 of 1st period - Minor Penalty to Alexei Morozov for Interference.
15:01 of 1st period - Marty Reasoner wins face-off versus Henrik Sedin in Stars zone.
15:15 of 1st period - Snap shot by David Legwand.
15:15 of 1st period - Shot Misses the Net.
15:27 of 1st period - Filip Novak is hit by Joni Pitkanen and loses puck.
15:36 of 1st period - Snap shot by Alex Pietrangelo.
15:36 of 1st period - Shot Blocked by Filip Novak.
17:00 of 1st period - Penalty to Alexei Morozov is over, Alexei Morozov is back on ice.
17:25 of 1st period - Icing by Marty Reasoner.
17:26 of 1st period - Michael Rupp wins face-off versus Daniel Sedin in Stars zone.
17:51 of 1st period - Shane Doan is hit by Joni Pitkanen and loses puck.
17:56 of 1st period - Wrist shot by Matt Moulson.
17:56 of 1st period - Stopped by Pascal Leclaire without a rebound.
17:57 of 1st period - Shane Doan wins face-off versus Henrik Sedin in Stars zone.
18:20 of 1st period - Icing by Shane Doan.
18:21 of 1st period - Antoine Vermette wins face-off versus Mikko Koivu in Stars zone.
18:21 of 1st period - Antoine Vermette is hit by Mikko Koivu.
18:27 of 1st period - Wrist shot by Mikko Koivu.
18:27 of 1st period - Shot Misses the Net.
18:38 of 1st period - Minor Penalty to Ian Laperriere for Roughing.
18:39 of 1st period - David Legwand wins face-off versus Dany Heatley in Sharks zone.
18:41 of 1st period - Wrist shot by Alexei Morozov.
18:41 of 1st period - Shot Misses the Net.
Goals for this period are 0 for Sharks vs 0 for Stars.
Shots for this period are 2 for Sharks vs 5 for Stars.
2nd period
0:01 of 2nd period - Alexei Morozov wins face-off versus Dany Heatley in neutral zone.
0:14 of 2nd period - Snap shot by Cory Stillman.
0:14 of 2nd period - Goal by Cory Stillman - Sharks : 0 - Stars : 1.
0:15 of 2nd period - David Legwand wins face-off versus Henrik Sedin in neutral zone.
0:40 of 2nd period - Filip Kuba is hit by Milan Michalek and loses puck.
0:51 of 2nd period - Snap shot by Antoine Vermette.
0:51 of 2nd period - Stopped by Martin Biron without a rebound.
0:52 of 2nd period - Henrik Sedin wins face-off versus David Legwand in Sharks zone.
1:04 of 2nd period - Off-side.
1:05 of 2nd period - Antoine Vermette wins face-off versus Henrik Sedin in neutral zone.
1:10 of 2nd period - Snap shot by Shane Doan.
1:10 of 2nd period - Stopped by Martin Biron with a rebound.
1:54 of 2nd period - Daniel Sedin is hit by Cory Stillman and loses puck.
2:11 of 2nd period - Slapshot by Pavel Kubina.
2:11 of 2nd period - Stopped by Martin Biron with a rebound.
2:13 of 2nd period - Snap shot by Mathieu Dandenault.
2:13 of 2nd period - Shot Misses the Net.
2:15 of 2nd period - Snap shot by Michael Rupp.
2:15 of 2nd period - Shot Hit the Post.
2:19 of 2nd period - Slapshot by Mathieu Dandenault.
2:19 of 2nd period - Shot Blocked by Dany Heatley.
2:21 of 2nd period - Slapshot by Pavel Kubina.
2:21 of 2nd period - Shot Blocked by Adam Pardy.
2:51 of 2nd period - Mikko Koivu is hit by Cory Stillman and loses puck.
3:02 of 2nd period - Wrist shot by Cory Stillman.
3:02 of 2nd period - Shot Misses the Net.
3:04 of 2nd period - Wrist shot by Alexei Morozov.
3:04 of 2nd period - Stopped by Martin Biron without a rebound.
3:05 of 2nd period - Henrik Sedin wins face-off versus Shane Doan in Sharks zone.
3:49 of 2nd period - Wrist shot by Daniel Sedin.
3:49 of 2nd period - Stopped by Pascal Leclaire with a rebound.
3:51 of 2nd period - Wrist shot by Ian Laperriere.
3:51 of 2nd period - Shot Blocked by Brendan Bell.
3:53 of 2nd period - Snap shot by Daniel Sedin.
3:53 of 2nd period - Shot Misses the Net.
3:55 of 2nd period - Backhand shot by Ian Laperriere.
3:55 of 2nd period - Stopped by Pascal Leclaire without a rebound.
3:56 of 2nd period - Michael Rupp wins face-off versus Mikko Koivu in Stars zone.
4:03 of 2nd period - Snap shot by Daniel Sedin.
4:03 of 2nd period - Shot Misses the Net.
4:05 of 2nd period - Slapshot by Adam Pardy.
4:05 of 2nd period - Shot Blocked by Patrik Elias.
4:29 of 2nd period - Wrist shot by Daniel Sedin.
4:29 of 2nd period - Stopped by Pascal Leclaire with a rebound.
4:31 of 2nd period - Wrist shot by Mikko Koivu.
4:31 of 2nd period - Goal by Mikko Koivu - Sharks : 1 - Stars : 1.
4:32 of 2nd period - David Legwand wins face-off versus Henrik Sedin in neutral zone.
4:35 of 2nd period - Wrist shot by Cory Stillman.
4:35 of 2nd period - Stopped by Martin Biron with a rebound.
4:37 of 2nd period - Wrist shot by Alexei Morozov.
4:37 of 2nd period - Shot Misses the Net.
4:39 of 2nd period - Wrist shot by David Legwand.
4:39 of 2nd period - Shot Misses the Net.
4:41 of 2nd period - Slapshot by Filip Novak.
4:41 of 2nd period - Shot Misses the Net.
4:43 of 2nd period - Snap shot by Alexei Morozov.
4:43 of 2nd period - Stopped by Martin Biron without a rebound.
4:44 of 2nd period - David Legwand wins face-off versus Henrik Sedin in Sharks zone.
5:21 of 2nd period - Snap shot by Shane Doan.
5:21 of 2nd period - Shot Misses the Net.
5:23 of 2nd period - Slapshot by Filip Novak.
5:23 of 2nd period - Shot Misses the Net.
5:41 of 2nd period - Snap shot by Jan Hlavac.
5:41 of 2nd period - Stopped by Martin Biron with a rebound.
6:21 of 2nd period - Snap shot by Joni Pitkanen.
6:21 of 2nd period - Shot Misses the Net.
7:37 of 2nd period - Wrist shot by Mathieu Dandenault.
7:37 of 2nd period - Stopped by Martin Biron without a rebound.
7:38 of 2nd period - Mikko Koivu wins face-off versus David Legwand in Sharks zone.
7:59 of 2nd period - Minor Penalty to Adam Pardy for Hooking.
8:00 of 2nd period - Dany Heatley wins face-off versus David Legwand in Sharks zone.
8:07 of 2nd period - Snap shot by Alexei Morozov.
8:07 of 2nd period - Shot Misses the Net.
8:09 of 2nd period - Snap shot by Filip Novak.
8:09 of 2nd period - Stopped by Martin Biron without a rebound.
8:10 of 2nd period - Dany Heatley wins face-off versus David Legwand in Sharks zone.
8:10 of 2nd period - Daniel Sedin is hit by Cory Stillman and loses puck.
8:15 of 2nd period - Wrist shot by David Legwand.
8:15 of 2nd period - Shot Misses the Net.
8:17 of 2nd period - Slapshot by Filip Novak.
8:17 of 2nd period - Shot Misses the Net.
8:19 of 2nd period - Slapshot by Pavel Kubina.
8:19 of 2nd period - Stopped by Martin Biron without a rebound.
8:20 of 2nd period - Dany Heatley wins face-off versus David Legwand in Sharks zone.
8:27 of 2nd period - Pavel Kubina is hit by Dany Heatley and loses puck.
8:53 of 2nd period - Wrist shot by Teemu Selanne.
8:53 of 2nd period - Stopped by Pascal Leclaire with a rebound.
8:55 of 2nd period - Wrist shot by Mikko Koivu.
8:55 of 2nd period - Shot Blocked by Shane Doan.
8:57 of 2nd period - Snap shot by Mikko Koivu.
8:57 of 2nd period - Shot Blocked by Antoine Vermette.
8:59 of 2nd period - Snap shot by Filip Kuba.
8:59 of 2nd period - Deflect By Mikko Koivu.
8:59 of 2nd period - Shot Blocked by Pavel Kubina.
8:59 of 2nd period - Puck is out of play.
9:00 of 2nd period - Dany Heatley wins face-off versus David Legwand in Stars zone.
9:03 of 2nd period - Snap shot by Dany Heatley.
9:03 of 2nd period - Stopped by Pascal Leclaire with a rebound.
9:05 of 2nd period - Slapshot by Filip Kuba.
9:05 of 2nd period - Shot Blocked by Randy Jones.
9:07 of 2nd period - Slapshot by Daniel Sedin.
9:07 of 2nd period - Shot Misses the Net.
9:59 of 2nd period - Penalty to Adam Pardy is over, Adam Pardy is back on ice.
11:03 of 2nd period - Icing by Pavel Kubina.
11:04 of 2nd period - Henrik Sedin wins face-off versus Antoine Vermette in Stars zone.
11:11 of 2nd period - Snap shot by Henrik Sedin.
11:11 of 2nd period - Stopped by Pascal Leclaire without a rebound.
11:12 of 2nd period - David Legwand wins face-off versus Henrik Sedin in Stars zone.
11:34 of 2nd period - Adam Pardy is hit by David Legwand and loses puck.
12:04 of 2nd period - Icing by Filip Novak.
12:05 of 2nd period - Antoine Vermette wins face-off versus Adam Mair in Stars zone.
12:10 of 2nd period - Snap shot by Sheldon Keefe.
12:10 of 2nd period - Stopped by Pascal Leclaire without a rebound.
12:11 of 2nd period - Michael Rupp wins face-off versus Adam Mair in Stars zone.
12:41 of 2nd period - Wrist shot by Antoine Vermette.
12:41 of 2nd period - Shot Misses the Net.
13:07 of 2nd period - Slapshot by Henrik Sedin.
13:07 of 2nd period - Goal by Henrik Sedin - Sharks : 2 - Stars : 1.
13:08 of 2nd period - Henrik Sedin wins face-off versus David Legwand in neutral zone.
13:19 of 2nd period - Snap shot by Teemu Selanne.
13:19 of 2nd period - Stopped by Pascal Leclaire with a rebound.
13:21 of 2nd period - Slapshot by Dany Heatley.
13:21 of 2nd period - Deflect By Teemu Selanne.
13:21 of 2nd period - Stopped by Pascal Leclaire without a rebound.
13:22 of 2nd period - Alexei Morozov wins face-off versus Henrik Sedin in Stars zone.
13:22 of 2nd period - Alexei Morozov is hit by Dany Heatley.
13:48 of 2nd period - Filip Novak is hit by Sheldon Keefe and loses puck.
13:57 of 2nd period - Snap shot by Adam Mair.
13:57 of 2nd period - Deflect By Matt Moulson.
13:57 of 2nd period - Stopped by Pascal Leclaire with a rebound.
14:13 of 2nd period - Snap shot by Shane Doan.
14:13 of 2nd period - Shot Blocked by Shaone Morrisonn.
14:19 of 2nd period - Wrist shot by Shaone Morrisonn.
14:19 of 2nd period - Stopped by Pascal Leclaire with a rebound.
14:37 of 2nd period - Snap shot by Daniel Sedin.
14:37 of 2nd period - Goal by Daniel Sedin - Sharks : 3 - Stars : 1.
14:38 of 2nd period - Henrik Sedin wins face-off versus David Legwand in neutral zone.
14:41 of 2nd period - Slapshot by Filip Kuba.
14:41 of 2nd period - Stopped by Pascal Leclaire with a rebound.
14:43 of 2nd period - Slapshot by Joni Pitkanen.
14:43 of 2nd period - Stopped by Pascal Leclaire without a rebound.
14:44 of 2nd period - Henrik Sedin wins face-off versus David Legwand in Stars zone.
14:49 of 2nd period - Snap shot by Teemu Selanne.
14:49 of 2nd period - Stopped by Pascal Leclaire with a rebound.
14:57 of 2nd period - Snap shot by Teemu Selanne.
14:57 of 2nd period - Stopped by Pascal Leclaire without a rebound.
14:58 of 2nd period - Alexei Morozov wins face-off versus Henrik Sedin in Stars zone.
15:07 of 2nd period - Wrist shot by Teemu Selanne.
15:07 of 2nd period - Shot Blocked by Filip Novak.
15:09 of 2nd period - Slapshot by Filip Kuba.
15:09 of 2nd period - Stopped by Pascal Leclaire without a rebound.
15:10 of 2nd period - Teemu Selanne wins face-off versus David Legwand in Stars zone.
15:19 of 2nd period - Snap shot by Dany Heatley.
15:19 of 2nd period - Stopped by Pascal Leclaire without a rebound.
15:20 of 2nd period - David Legwand wins face-off versus Henrik Sedin in Stars zone.
16:03 of 2nd period - Wrist shot by David Legwand.
16:03 of 2nd period - Deflect By Teemu Selanne.
16:03 of 2nd period - Shot Blocked by Henrik Sedin.
16:03 of 2nd period - Puck is out of play.
16:04 of 2nd period - Antoine Vermette wins face-off versus Mikko Koivu in Sharks zone.
16:34 of 2nd period - Matt Moulson is hit by Mathieu Dandenault and loses puck.
17:02 of 2nd period - Snap shot by Marty Reasoner.
17:02 of 2nd period - Shot Misses the Net.
17:30 of 2nd period - Slapshot by Alexei Morozov.
17:30 of 2nd period - Shot Blocked by Joni Pitkanen.
18:13 of 2nd period - Snap shot by Adam Mair.
18:13 of 2nd period - Shot Blocked by Randy Jones.
18:53 of 2nd period - Wrist shot by Marty Reasoner.
18:53 of 2nd period - Deflect By Jan Hlavac.
18:53 of 2nd period - Stopped by Martin Biron without a rebound.
18:54 of 2nd period - Antoine Vermette wins face-off versus Henrik Sedin in Sharks zone.
18:55 of 2nd period - Snap shot by Shane Doan.
18:55 of 2nd period - Shot Misses the Net.
19:40 of 2nd period - Off-side.
19:41 of 2nd period - Henrik Sedin wins face-off versus Michael Rupp in neutral zone.
Goals for this period are 3 for Sharks vs 1 for Stars.
Shots for this period are 20 for Sharks vs 12 for Stars.
3rd period
0:01 of 3rd period - Cory Stillman wins face-off versus Henrik Sedin in neutral zone.
0:50 of 3rd period - Wrist shot by Adam Mair.
0:50 of 3rd period - Shot Blocked by Francis Bouillon.
0:52 of 3rd period - Slapshot by Filip Kuba.
0:52 of 3rd period - Stopped by Pascal Leclaire with a rebound.
0:54 of 3rd period - Slapshot by Filip Kuba.
0:54 of 3rd period - Stopped by Pascal Leclaire without a rebound.
0:55 of 3rd period - Henrik Sedin wins face-off versus David Legwand in Stars zone.
1:06 of 3rd period - Slapshot by Pavel Kubina.
1:06 of 3rd period - Shot Blocked by Henrik Sedin.
1:08 of 3rd period - Slapshot by David Legwand.
1:08 of 3rd period - Stopped by Martin Biron without a rebound.
1:09 of 3rd period - David Legwand wins face-off versus Henrik Sedin in Sharks zone.
1:10 of 3rd period - Snap shot by Alexei Morozov.
1:10 of 3rd period - Stopped by Martin Biron without a rebound.
1:11 of 3rd period - Henrik Sedin wins face-off versus David Legwand in Sharks zone.
1:11 of 3rd period - Henrik Sedin is hit by Cory Stillman.
1:18 of 3rd period - Off-side.
1:19 of 3rd period - David Legwand wins face-off versus Henrik Sedin in neutral zone.
1:30 of 3rd period - Snap shot by Dany Heatley.
1:30 of 3rd period - Shot Misses the Net.
1:32 of 3rd period - Wrist shot by Alex Pietrangelo.
1:32 of 3rd period - Shot Hit the Post.
1:44 of 3rd period - Slapshot by Henrik Sedin.
1:44 of 3rd period - Stopped by Pascal Leclaire with a rebound.
1:46 of 3rd period - Slapshot by Shaone Morrisonn.
1:46 of 3rd period - Deflect By Dany Heatley.
1:46 of 3rd period - Shot Misses the Net.
1:46 of 3rd period - Puck is out of play.
1:47 of 3rd period - Antoine Vermette wins face-off versus Mikko Koivu in Stars zone.
1:47 of 3rd period - Antoine Vermette is hit by Mikko Koivu.
2:01 of 3rd period - Slapshot by Daniel Sedin.
2:01 of 3rd period - Shot Blocked by Francis Bouillon.
2:03 of 3rd period - Snap shot by Ian Laperriere.
2:03 of 3rd period - Stopped by Pascal Leclaire without a rebound.
2:04 of 3rd period - David Legwand wins face-off versus Henrik Sedin in Stars zone.
2:11 of 3rd period - Snap shot by Cory Stillman.
2:11 of 3rd period - Goal by Cory Stillman - Sharks : 3 - Stars : 2.
2:12 of 3rd period - Henrik Sedin wins face-off versus David Legwand in neutral zone.
2:19 of 3rd period - Wrist shot by Teemu Selanne.
2:19 of 3rd period - Stopped by Pascal Leclaire with a rebound.
2:21 of 3rd period - Snap shot by Teemu Selanne.
2:21 of 3rd period - Shot Blocked by Filip Novak.
2:23 of 3rd period - Slapshot by Joni Pitkanen.
2:23 of 3rd period - Shot Misses the Net.
2:25 of 3rd period - Snap shot by Henrik Sedin.
2:25 of 3rd period - Stopped by Pascal Leclaire without a rebound.
2:26 of 3rd period - Antoine Vermette wins face-off versus Henrik Sedin in Stars zone.
2:33 of 3rd period - Henrik Sedin is hit by Milan Michalek and loses puck.
2:40 of 3rd period - Slapshot by Milan Michalek.
2:40 of 3rd period - Shot Misses the Net.
2:42 of 3rd period - Backhand shot by Milan Michalek.
2:42 of 3rd period - Shot Misses the Net.
2:56 of 3rd period - David Legwand is hit by Filip Kuba and loses puck.
3:11 of 3rd period - Wrist shot by Adam Mair.
3:11 of 3rd period - Shot Misses the Net.
3:13 of 3rd period - Snap shot by Matt Moulson.
3:13 of 3rd period - Deflect By Adam Mair.
3:13 of 3rd period - Shot Misses the Net.
3:13 of 3rd period - Puck is out of play.
3:14 of 3rd period - Michael Rupp wins face-off versus Adam Mair in Stars zone.
3:28 of 3rd period - Minor Penalty to Francis Bouillon for Roughing.
3:29 of 3rd period - Henrik Sedin wins face-off versus David Legwand in Stars zone.
3:30 of 3rd period - Slapshot by Teemu Selanne.
3:30 of 3rd period - Shot Blocked by Filip Novak.
3:32 of 3rd period - Slapshot by Joni Pitkanen.
3:32 of 3rd period - Shot Blocked by Filip Novak.
3:34 of 3rd period - Snap shot by Dany Heatley.
3:34 of 3rd period - Goal by Dany Heatley - Sharks : 4 - Stars : 2.
3:35 of 3rd period - Henrik Sedin wins face-off versus David Legwand in neutral zone.
3:38 of 3rd period - Snap shot by Dany Heatley.
3:38 of 3rd period - Shot Blocked by Filip Novak.
4:48 of 3rd period - Snap shot by Jan Hlavac.
4:48 of 3rd period - Stopped by Martin Biron without a rebound.
4:49 of 3rd period - Mikko Koivu wins face-off versus David Legwand in Sharks zone.
4:58 of 3rd period - Wrist shot by Alexei Morozov.
4:58 of 3rd period - Stopped by Martin Biron with a rebound.
5:00 of 3rd period - Snap shot by David Legwand.
5:00 of 3rd period - Shot Misses the Net.
5:02 of 3rd period - Snap shot by Francis Bouillon.
5:02 of 3rd period - Shot Blocked by Joni Pitkanen.
5:04 of 3rd period - Slapshot by Francis Bouillon.
5:04 of 3rd period - Shot Blocked by Joni Pitkanen.
5:27 of 3rd period - Milan Michalek is hit by Dany Heatley and loses puck.
6:23 of 3rd period - Off-side.
6:24 of 3rd period - Marty Reasoner wins face-off versus Henrik Sedin in neutral zone.
6:27 of 3rd period - Slapshot by Pavel Kubina.
6:27 of 3rd period - Stopped by Martin Biron with a rebound.
6:29 of 3rd period - Slapshot by Brian Gionta.
6:29 of 3rd period - Stopped by Martin Biron with a rebound.
6:31 of 3rd period - Snap shot by Jan Hlavac.
6:31 of 3rd period - Stopped by Martin Biron with a rebound.
6:57 of 3rd period - David Hale is hit by David Legwand.
7:32 of 3rd period - Michael Rupp is hit by Ian Laperriere and loses puck.
7:43 of 3rd period - Slapshot by Randy Jones.
7:43 of 3rd period - Deflect By Mikko Koivu.
7:43 of 3rd period - Stopped by Martin Biron without a rebound.
7:44 of 3rd period - David Legwand wins face-off versus Henrik Sedin in Sharks zone.
8:55 of 3rd period - Wrist shot by Alexei Morozov.
8:55 of 3rd period - Deflect By Sheldon Keefe.
8:55 of 3rd period - Stopped by Martin Biron with a rebound.
9:28 of 3rd period - Teemu Selanne is hit by Shane Doan.
10:22 of 3rd period - Slapshot by Randy Jones.
10:22 of 3rd period - Shot Blocked by David Hale.
10:24 of 3rd period - Snap shot by Alexei Morozov.
10:24 of 3rd period - Stopped by Martin Biron without a rebound.
10:25 of 3rd period - David Legwand wins face-off versus Nikolai Zherdev in Sharks zone.
10:28 of 3rd period - Slapshot by David Legwand.
10:28 of 3rd period - Deflect By Henrik Sedin.
10:28 of 3rd period - Shot Blocked by Nikolai Zherdev.
10:28 of 3rd period - Puck is out of play.
10:29 of 3rd period - David Legwand wins face-off versus Nikolai Zherdev in Sharks zone.
10:54 of 3rd period - Wrist shot by Shane Doan.
10:54 of 3rd period - Goal by Shane Doan - Sharks : 4 - Stars : 3.
10:55 of 3rd period - David Legwand wins face-off versus Dany Heatley in neutral zone.
11:20 of 3rd period - Mikko Koivu is hit by Antoine Vermette and loses puck.
11:38 of 3rd period - Off-side.
11:39 of 3rd period - Adam Mair wins face-off versus Michael Rupp in neutral zone.
12:10 of 3rd period - Cory Stillman is hit by Henrik Sedin and loses puck.
12:51 of 3rd period - Backhand shot by Adam Mair.
12:51 of 3rd period - Stopped by Pascal Leclaire without a rebound.
12:52 of 3rd period - David Legwand wins face-off versus Adam Mair in Stars zone.
13:24 of 3rd period - Snap shot by Matt Moulson.
13:24 of 3rd period - Shot Hit the Post.
13:26 of 3rd period - Slapshot by Shaone Morrisonn.
13:26 of 3rd period - Shot Misses the Net.
13:28 of 3rd period - Snap shot by Adam Mair.
13:28 of 3rd period - Deflect By Milan Michalek.
13:28 of 3rd period - Stopped by Pascal Leclaire without a rebound.
13:29 of 3rd period - David Legwand wins face-off versus Henrik Sedin in Stars zone.
14:49 of 3rd period - Slapshot by Alex Pietrangelo.
14:49 of 3rd period - Shot Misses the Net.
14:58 of 3rd period - Icing by Brendan Bell.
14:59 of 3rd period - Marty Reasoner wins face-off versus Adam Mair in Stars zone.
14:59 of 3rd period - Marty Reasoner is hit by Matt Moulson.
15:36 of 3rd period - Snap shot by Patrik Elias.
15:36 of 3rd period - Shot Misses the Net.
15:59 of 3rd period - Minor Penalty to Shane Doan for Hooking.
16:00 of 3rd period - Henrik Sedin wins face-off versus David Legwand in Stars zone.
16:14 of 3rd period - Snap shot by Dany Heatley.
16:14 of 3rd period - Stopped by Pascal Leclaire without a rebound.
16:15 of 3rd period - David Legwand wins face-off versus Henrik Sedin in Stars zone.
16:30 of 3rd period - Wrist shot by Alexei Morozov.
16:30 of 3rd period - Deflect By David Legwand.
16:30 of 3rd period - Goal by David Legwand - Sharks : 4 - Stars : 4.
16:31 of 3rd period - David Legwand wins face-off versus Henrik Sedin in neutral zone.
17:12 of 3rd period - Snap shot by Marty Reasoner.
17:12 of 3rd period - Stopped by Martin Biron with a rebound.
17:42 of 3rd period - Daniel Sedin is hit by Marty Reasoner and loses puck.
17:59 of 3rd period - Penalty to Shane Doan is over, Shane Doan is back on ice.
18:05 of 3rd period - Slapshot by Patrik Elias.
18:05 of 3rd period - Stopped by Martin Biron without a rebound.
18:06 of 3rd period - Michael Rupp wins face-off versus Adam Mair in Sharks zone.
18:11 of 3rd period - Snap shot by Michael Rupp.
18:11 of 3rd period - Stopped by Martin Biron without a rebound.
18:12 of 3rd period - Michael Rupp wins face-off versus Henrik Sedin in Sharks zone.
18:33 of 3rd period - Minor Penalty to Henrik Sedin for Roughing.
18:34 of 3rd period - Daniel Sedin wins face-off versus David Legwand in Sharks zone.
18:40 of 3rd period - Slapshot by David Legwand.
18:40 of 3rd period - Stopped by Martin Biron with a rebound.
18:42 of 3rd period - Snap shot by Cory Stillman.
18:42 of 3rd period - Shot Blocked by Joni Pitkanen.
18:44 of 3rd period - Snap shot by Alexei Morozov.
18:44 of 3rd period - Shot Misses the Net.
18:48 of 3rd period - Snap shot by David Legwand.
18:48 of 3rd period - Stopped by Martin Biron without a rebound.
18:49 of 3rd period - Dany Heatley wins face-off versus Alexei Morozov in Sharks zone.
19:04 of 3rd period - Slapshot by Pavel Kubina.
19:04 of 3rd period - Deflect By Cory Stillman.
19:04 of 3rd period - Shot Misses the Net.
19:04 of 3rd period - Puck is out of play.
19:05 of 3rd period - Antoine Vermette wins face-off versus Dany Heatley in Sharks zone.
19:33 of 3rd period - Joni Pitkanen is hit by David Legwand and loses puck.
Goals for this period are 1 for Sharks vs 3 for Stars.
Shots for this period are 10 for Sharks vs 18 for Stars.
Overtime #1
0:01 of 1st overtime period - David Legwand wins face-off versus Dany Heatley in neutral zone.
0:33 of 1st overtime period - Penalty to Henrik Sedin is over, Henrik Sedin is back on ice.
1:17 of 1st overtime period - Snap shot by Sheldon Keefe.
1:17 of 1st overtime period - Shot Hit the Post.
1:19 of 1st overtime period - Slapshot by Filip Kuba.
1:19 of 1st overtime period - Goal by Filip Kuba - Sharks : 5 - Stars : 4.
Goals for this period are 1 for Sharks vs 0 for Stars.
Shots for this period are 1 for Sharks vs 0 for Stars.
Output by the SimonT Hockey Simulator (STHS) for François Prévost -- Original Page W3C XHTML 1.0 Valid